 Dungeon Crawl Stone Soup version 0.31-a0-271-gb88eb75e06 (webtiles) character file.

Game seed: 852443076862842460

6 spiderkeys the Caller (level 1, 0/16 HPs)
             Began as a Demonspawn Wanderer on July 14, 2023.
             Slain by a jackal (3 damage)
             ... on level 1 of the Dungeon.
             The game lasted 00:01:11 (293 turns).

spiderkeys the Caller (Demonspawn Wanderer)          Turns: 293, Time: 00:01:12

Health: 0/16       AC:  2    Str: 11    XL:     1   Next: 75%
Magic:  1/2        EV: 11    Int: 14    God:
Gold:   0          SH:  0    Dex: 12    Spells: 1/2 levels left

rFire   . . .        a - +0 dagger
rCold   . . .        (no shield)
rNeg    . . .        c - +0 robe
rPois   .            (no helmet)
rElec   .            (no cloak)
rCorr   .            (no gloves)
SInv    .            (no boots)
Will    .....        (no amulet)
Stlth   +            (no ring)
HPRegen 0.22/turn    (no ring)
MPRegen 0.08/turn

%: no passive effects
@: no status effects
A: no striking features
a: no special abilities


You were on level 1 of the Dungeon.
You visited 1 branch of the dungeon, and saw 1 of its levels.


   Skills:
 - Level 2.0 Fighting
 + Level 1.2 Spellcasting
 + Level 3.1 Summonings
 + Level 2.0 Air Magic
 - Level 2.0 Evocations


You had one spell level left.
You knew the following spells:

 Your Spells              Type           Power      Damage    Failure   Level
s - Summon Small Mammal   Summ           36%        N/A       7%          1

Your spell library contained the following spells:

 Spells                   Type           Power      Damage    Failure   Level
 Shock                    Conj/Air       12%        1d3       17%         1
 Summon Guardian Golem    Hex/Summ       5%         N/A       38%         3
 Mephitic Cloud           Conj/Pois/Air  2%         N/A       52%         3
 Summon Ice Beast         Ice/Summ       5%         N/A       80%         4

Inventory:

Hand Weapons
 a - a +0 dagger (weapon)
Missiles
 g - 2 stones
Armour
 c - a +0 robe (worn)
 e - a +0 ring mail
   (You found it on level 1 of the Dungeon)
 f - a +0 scale mail
   (You found it on level 1 of the Dungeon)
 h - a +0 scale mail
   (You found it on level 1 of the Dungeon)
Scrolls
 b - a scroll of fear
Potions
 d - a potion of lignification {!q}
 i - a potion of mutation {unknown}

Dungeon Overview and Level Annotations

Branches:
Dungeon (1/15) Zot: 5706

Altars:

## ######. #. ##.....#...
#....#...#. #######..#โ€
..#... #h...#.....#...#
###########h..h.h..#...#
##.........@hh.Kh.....#..h#
#..#########h...ยง...#...#...
#.## #....###...#...#h
#.############### #.#...#...
##.#.......# ....#...#.
#>.........+ ......#..
#.##.......# .........#
#.########## ###....## #.#
#######


You could see 8 jackals and a kobold.


Message History

๐Ÿ˜Ž MP[+2]
Your mp is fully restored (2).
A kobold is nearby!
A kobold is nearby!
The kobold shouts!
You hear a bark!
Your bat disappears in a puff of smoke!
A jackal comes into view.
A bat comes into view.
Your bat barely misses the bat.
You hit the bat.
Your bat barely misses the bat.
The bat barely misses you.
A jackal comes into view.
The bat barely misses you.
You miss the bat. The bat barely misses you.
You barely miss the bat.
Your bat closely misses the bat.
The bat hits you. The bat closely misses your bat. The bat closely misses you.
The kobold closely misses you. ๐Ÿ˜• HP[-1]
You take 1 damage, and now have 15/16 hp.
You hit the bat.
You kill the bat!
Your bat hits the jackal but does no damage.
A jackal comes into view.
The jackal barely misses you.
Your bat barely misses the jackal.
The kobold completely misses you.
Your Air Magic skill increases to level 2!
Your bat disappears in a puff of smoke!
The kobold barely misses you. ๐Ÿ˜Ž HP[+1] MP[-1]
Your hp is fully restored (16).
You lost 1 mp, and now have 1/2 mp.
You hit the jackal but do no damage.
A jackal comes into view.
The jackal barely misses you.
The jackal bites you but does no damage.
A jackal comes into view. x2
The kobold barely misses you.
Your rat bites the jackal.
You closely miss the jackal. Something closely misses your rat.
The jackal bites your rat.
Your rat dies!
Your rat's corpse disappears in a puff of smoke!
The jackal bites you. The jackal closely misses you.
The kobold misses you. ๐Ÿ˜• HP[-1]
You take 1 damage, and now have 15/16 hp.
You closely miss the jackal. The jackal bites you.
The jackal closely misses you. x2
The jackal bites you but does no damage.
The kobold closely misses you. ๐Ÿ˜• HP[-2]
You take 2 damage, and now have 13/16 hp.
You hit the jackal. The jackal bites you. The jackal closely misses you.
The kobold hits you with a +0 club. ๐Ÿ˜ฎ HP[-3]
You take 3 damage, and now have 10/16 hp.
You are too injured to fight recklessly!
Unknown command.
A jackal comes into view.
The jackal closely misses you.
Casting: Summon Small Mammal (safe; 7% risk of failure)
Confirm with . or Enter, or press ? or * to list all spells.
The jackal barks!
You hear a bark!
The jackal completely misses you.
A jackal comes into view.
The kobold barely misses you. ๐Ÿ˜ฎ MP[-1]
You lost 1 mp, and now have 0/2 mp.
Unknown command.
The jackal attacks as you move away! The jackal barely misses you.
Your bat closely misses the jackal.
You closely miss the jackal. Your bat misses the jackal.
The jackal closely misses you. The jackal barely misses you.
The jackal bites you. x2
* * * LOW HITPOINT WARNING * * *
๐Ÿ˜จ HP[-3]
You take 3 damage, and now have 7/16 hp.
Unknown command.
Your bat closely misses the jackal. ๐Ÿ˜จ HP[+1]
Your bat barely misses the kobold.
The jackal bites your bat.
Your bat closely misses the jackal.
The jackal attacks as you move away! The jackal closely misses you.
The jackal attacks as you move away! The jackal bites you.
* * * LOW HITPOINT WARNING * * *
Your bat barely misses the jackal.
The jackal bites you but does no damage. ๐Ÿ˜จ HP[-3] MP[+1]
You take 3 damage, and now have 5/16 hp.
The jackal attacks as you move away! The jackal closely misses you.
Your bat closely misses the jackal.
The jackal bites you but does no damage.
The kobold closely misses your bat.
The jackal closely misses your bat. ๐Ÿ˜จ HP[+1]
The jackal attacks as you move away! The jackal barely misses you.
Your bat closely misses the jackal.
Your bat barely misses the jackal.
Your bat hits the jackal.
Your bat completely misses the jackal.
The jackal bites your bat.
Your bat dies!
Your bat's corpse disappears in a puff of smoke!
The jackal bites you.
* * * LOW HITPOINT WARNING * * *
The jackal bites you.
You die...

Skill      XL: |  1 |
---------------+----+-----
Air Magic      | 2 |  2.0
Fighting       | |  2.0
Spellcasting   | |  1.2
Summonings     | |  3.1
Evocations     | |  2.0

Action                     || total
---------------------------++-------
  Melee: Dagger            ||    18
   Cast: Summon Small Mamm ||     7
 Armour: Robe              ||     5
  Dodge: Dodged            ||    30

Levels and vault maps discovered:
D:1:      dpeg_arrival_circle_labyrinth_c, layout_basic, minivault_4, hex_medium

Notes
Turn   | Place    | Note
-------+----------+-------------------------------------------
     0 | D:1      | spiderkeys the Demonspawn Wanderer began the quest for the
                  | Orb.
     0 | D:1      | spiderkeys set off with the following items: a +0 dagger, a
                  | scroll of fear, a +0 robe, a potion of lignification {!q};
                  | and the following spells available to memorise: Summon
                  | Small Mammal, Shock, Summon Guardian Golem, Mephitic Cloud,
                  | Summon Ice Beast.
     0 | D:1      | Reached XP level 1. HP: 16/16 MP: 2/2
     0 | D:1      | magus.rc [v1.11.3]
   115 | D:1      | Learned a level 1 spell: Summon Small Mammal
   277 | D:1      | Reached skill level 2 in Air Magic
   293 | D:1      | HP: 3/16 [jackal (3)]
   293 | D:1      | Slain by a jackal

Vanquished Creatures
  A bat (D:1)
  A hobgoblin (D:1)
  A goblin (D:1)
  A rat (D:1)
4 creatures vanquished.

Vanquished Creatures (collateral kills)
  A goblin (D:1)
  A ball python (D:1)
2 creatures vanquished.

Grand Total: 6 creatures vanquished

Table legend:
 A = Non-vault XP
 B = Vault XP
 C = Vault XP percentage of total XP
 D = Non-vault monster count
 E = Vault monster count
 F = Vault count percentage of total count
                 A         B        C        D         E       F
            +---------+---------+-------+---------+---------+-------
      Total |       9 |       0 |   0.0 |       6 |       0 |   0.0
            +---------+---------+-------+---------+---------+-------
        D:1 |       9 |       0 |   0.0 |       6 |       0 |   0.0
            +---------+---------+-------+---------+---------+-------

Skill      XL: |  1 |
---------------+----+-----
Air Magic      | 2 |  2.0
Fighting       | |  2.0
Spellcasting   | |  1.2
Summonings     | |  3.1
Evocations     | |  2.0

Action                     || total
---------------------------++-------
  Melee: Dagger            ||    18
   Cast: Summon Small Mamm ||     7
 Armour: Robe              ||     5
  Dodge: Dodged            ||    30

Illustrated notes

Table legend:
 A = Kills in this place as a percentage of kills in the entire game.
 B = Kills by you in this place as a percentage of kills by you in the entire game.
 C = Kills by friends in this place as a percentage of kills by friends in the entire game.
 D = Other kills in this place as a percentage of other kills in the entire game.
 E = Experience gained in this place as a percentage of experience gained in the entire game.
 F = Experience gained in this place divided by the number of levels of this place that you have seen.
                   A       B       C       D       E      F
               +-------+-------+-------+-------+-------+----------------------
         Total | 100.0 | 100.0 | 100.0 |   N/A | 100.0 |   9.0
       Dungeon | 100.0 | 100.0 | 100.0 |   N/A | 100.0 |   9.0
               +-------+-------+-------+-------+-------+----------------------

Table legend: (Time is in decaauts)
 A = Elapsed time spent in this place.
 B = Non-inter-level travel time spent in this place.
 C = Inter-level travel time spent in this place.
 D = Time resting spent in this place.
 E = Time spent auto-exploring this place.
 F = Levels seen in this place.
 G = Mean time per level.
                   A        B        C        D        E       F      G
               +--------+--------+--------+--------+--------+-----+--------+
         Total |    293 |    293 |      0 |      0 |    225 |   1 |  293.0 |
       Dungeon |    293 |    293 |      0 |      0 |    225 |   1 |  293.0 |
               +--------+--------+--------+--------+--------+-----+--------+

Top non-repeatable levels by time:
     D:1: 293 daAuts
